 Dungeon Crawl Stone Soup version 0.27.0-1-g7a089689b8 (webtiles) character file.

Game seed: 6077157906096710122

12435 inmateoo the Martial Artist (level 11, -1/60 HPs)
             Began as a Vine Stalker Hedge Wizard on Aug 1, 2021.
             Was a High Priest of Cheibriados.
             Slain by a red ugly thing (13 damage)
             ... on level 12 of the Dungeon.
             The game lasted 00:21:41 (12950 turns).

inmateoo the Martial Artist (VSWz)                 Turns: 12950, Time: 00:21:42

Health: -1/60      AC: 10    Str: 31    XL:     11   Next: 93%
Magic:  0/21       EV: 15    Int: 27    God:    Cheibriados [*****.]
Gold:   460        SH:  0    Dex: 25    Spells: 12/22 levels left

rFire    . . .     SeeInvis .     - Unarmed
rCold    . . .     Faith    .   (no shield)
rNeg     . . .     Spirit   +   n - +0 troll leather armour {Purgy}
rPois    .         Reflect  .   i - +2 helmet
rElec    .         Harm     .   (no cloak)
rCorr    .         Rampage  .   D - +0 pair of gloves
Will     +....                  A - +0 pair of boots
Stlth    +++.......             (no amulet)
HPRegen  2.20/turn              r - +6 ring of strength
MPRegen  0.17/turn              m - ring of wizardry

@: studying Axes, very slow
A: fangs 3, regeneration 1, magic shield, antimagic bite, no potion heal 2
a: Renounce Religion, Bend Time, Temporal Distortion, Slouch, Step From Time


You were on level 12 of the Dungeon.
You worshipped Cheibriados.
Cheibriados was extremely pleased with you.
You visited 2 branches of the dungeon, and saw 13 of its levels.

You collected 691 gold pieces.
You spent 231 gold pieces at shops.

Inventory:

Missiles
 a - 6 javelins
 g - 8 poisoned darts (quivered)
Armour
 c - a +0 buckler
 i - a +2 helmet (worn)
 n - a +0 troll leather armour (worn) {Purgy}
 y - +0 steam dragon scales
 A - a +0 pair of boots (worn)
 D - a +0 pair of gloves (worn)
Jewellery
 b - a ring of see invisible
 h - a ring of resist corrosion
 k - a +6 ring of dexterity
 m - a ring of wizardry (right hand)
 r - a +6 ring of strength (left hand)
Wands
 j - a wand of flame (29)
 l - a wand of polymorph (6)
 v - a wand of iceblast (12)
Scrolls
 q - 2 scrolls of identify
 s - a scroll of enchant armour
 t - a scroll of blinking
 u - a scroll of teleportation
 w - a scroll of silence
 z - 2 scrolls of enchant weapon
Potions
 d - 3 potions of curing
 e - 4 potions of attraction
 f - a potion of cancellation
 o - 5 potions of ambrosia
 p - 2 potions of flight
 x - a potion of might
 C - a potion of resistance


   Skills:
 - Level 8.0 Fighting
 - Level 4.0 Armour
 - Level 4.0 Dodging
 - Level 2.4 Stealth
 - Level 12.0 Unarmed Combat
 + Level 6.4 Spellcasting
 - Level 1.0 Conjurations
 - Level 2.0 Summonings
 + Level 2.1 Necromancy
 - Level 1.0 Translocations
 + Level 2.0 Earth Magic
 - Level 6.0 Invocations


You had 12 spell levels left.
You knew the following spells:

 Your Spells              Type           Power      Damage    Failure   Level
a - Magic Dart            Conj           56%        1d5       1%          1
b - Blink                 Tloc           N/A        N/A       2%          2
c - Call Imp              Summ           19%        N/A       1%          2
d - Borgnjor's Vile Clut  Necr/Erth      9%         N/A       32%         5

Your spell library contained the following spells:

 Spells                   Type           Power      Damage    Failure   Level
 Shock                    Conj/Air       44%        1d5       2%          1
 Static Discharge         Conj/Air       11%        N/A       3%          2
 Poisonous Vapours        Pois/Air       16%        N/A       4%          2
 Slow                     Hex            8%         N/A       4%          2
 Conjure Flame            Conj/Fire      11%        6-21      7%          3
 Mephitic Cloud           Conj/Pois/Air  10%        N/A       8%          3
 Ignite Poison            Fire/Tmut/Pois 8%         N/A       9%          3
 Swiftness                Air            8%         N/A       9%          3
 Iskenderun's Mystic Bla  Conj/Tloc      14%        2d5       17%         4
 Passage of Golubria      Tloc           N/A        N/A       17%         4
 Fulminant Prism          Conj/Hex       5%         3d7       22%         4
 Sticky Flame             Conj/Fire      11%        2d3       22%         4
 Airstrike                Air            4%         N/A       26%         4
 Lee's Rapid Deconstruct  Erth           9%         3d8*      32%         5
 Lightning Bolt           Conj/Air       5%         1d17      50%         5
 Alistair's Intoxication  Tmut/Pois      5%         N/A       56%         5
 Eringya's Noxious Bog    Tmut/Pois      4%         N/A       98%         6
 Maxwell's Capacitive Co  Air            4%         ∞         100%        8


Dungeon Overview and Level Annotations

Branches:
Dungeon (12/15)            Temple (1/1) D:6            Lair (0/6) D:9
    Orc (0/2) D:9

Altars:
Ashenzari
Cheibriados
Dithmenos
Elyvilon
Gozag
Hepliaklqana
Kikubaaqudgha
Nemelex Xobeh
Okawaru
Qazlal
Ru
Sif Muna
Uskayaw
Vehumet
Wu Jian
Yredelemnul
Zin

Shops:
D:6 !   D:8 :

Annotations:
D:10 exclusion: ice statue


Innate Abilities, Weirdness & Mutations

You have razor-sharp teeth.
Your natural rate of healing is unusually fast.
When hurt, damage is shared between your health and your magic reserves.
Your bite disrupts and absorbs the magic of your enemies.
Potions cannot restore your health.


Message History

Your Unarmed Combat skill increases to level 12!
Your Necromancy skill increases to level 2!
Your Earth Magic skill increases to level 2!
Things that are here:
a +4 dagger of electrocution; a +0 robe HP restored.
You now have 460 gold pieces (gained 16).
You feel a little less mighty now.
Found a stone staircase leading up.
A red ugly thing comes into view.
A red ugly thing is nearby!
The red ugly thing gurgles horribly!
The red ugly thing gores you!
You are engulfed in flames!!
You hit the red ugly thing. Your bite misses the red ugly thing.
The red ugly thing is lightly wounded.
The red ugly thing completely misses you.
You pummel the red ugly thing!! You bite the red ugly thing.
You drain its power.
You feel invigorated.
The red ugly thing is moderately wounded.
The red ugly thing gores you.
You are engulfed in flames!!
You hit the red ugly thing. You punch the red ugly thing.
You bite the red ugly thing, but do no damage.
The red ugly thing is moderately wounded.
The red ugly thing closely misses you.
You hit the red ugly thing. Your bite misses the red ugly thing.
The red ugly thing is heavily wounded.
You punch the red ugly thing! Your bite misses the red ugly thing.
The red ugly thing is severely wounded.
The red ugly thing misses you.
You barely miss the red ugly thing.
You bite the red ugly thing, but do no damage.
The red ugly thing is severely wounded.
The red ugly thing gores you.
You are engulfed in flames!
* * * LOW HITPOINT WARNING * * *
You pummel the red ugly thing!! Your bite misses the red ugly thing.
The red ugly thing is almost dead.
The red ugly thing gores you!
* * * LOW HITPOINT WARNING * * *
You are engulfed in flames!
You die...

............# #..#.#
......#.....# #..#.#
......##..### #..#.#
......##..# #..#.#
......##..# # #....# #
......##..# #.##.###.#
..######..####.##.....#
..# #..#........####
..######..#.....@..#
..........#....u...#
#.######.#####'#####
#..# #.# #. ##.## #.# #
#..# #.# ##.# #.# #.##
#.# #..# #.#


You could see a red ugly thing.

Vanquished Creatures
  2 two-headed ogres
  Nergalle (D:12)
  An ugly thing (D:12)
  2 unseen horrors
  3 trolls
  A hornet (D:10)
  6 slime creatures (D:9)
  8 yaks
  A basilisk (D:12)
  4 vampire mosquitoes (D:12)
  A steam dragon (D:8)
  Edmund (D:5)
  2 water moccasins
  A sky beast (D:7)
  2 ice beasts
  A necrophage (D:4)
  A black bear (D:3)
  10 orc warriors
  An ogre (D:7)
  8 centaurs
  A phantom (D:5)
  A gnoll sergeant (D:8)
  4 bullfrogs
  A scorpion (D:7)
  A wyvern zombie (D:8)
  9 killer bees
  4 howler monkeys
  2 vampire bats (D:11)
  4 wights
  3 centaur zombies
  4 hounds
  2 jellies
  3 orc priests
  2 bullfrog skeletons
  A centaur skeleton (D:5)
  7 iguanas
  Ijyb (D:5)
  Terence (D:3)
  Natasha (twice) (D:3)
  10 orc wizards
  A killer bee zombie (D:7)
  A hound zombie (D:5)
  A howler monkey zombie (D:9)
  Robin (D:1)
  6 adders
  10 gnolls
  A white imp (D:7)
  An adder zombie (D:5)
  An adder skeleton (D:5)
  2 worms (D:5)
  2 dart slugs
  26 orcs
  10 bats
  6 endoplasms
  3 giant cockroaches
  11 goblins
  8 hobgoblins
  9 jackals
  2 kobolds
  3 quokkas
  8 ball pythons
  2 frilled lizards
  3 rats
238 creatures vanquished.

Vanquished Creatures (collateral kills)
  Sigmund (D:5)
  An orc warrior (D:9)
  Purgy (D:2)
  A howler monkey (D:10)
  2 orc priests
  Natasha (D:3)
  An orc wizard (D:8)
  2 gnolls
  4 orcs
14 creatures vanquished.

Vanquished Creatures (others)
  22 plants
22 creatures vanquished.

Grand Total: 274 creatures vanquished

Notes
Turn   | Place    | Note
-------+----------+-------------------------------------------
     0 | D:1      | inmateoo the Vine Stalker Hedge Wizard began the quest for
                  | the Orb.
     0 | D:1      | Reached XP level 1. HP: 9/9 MP: 5/5
   304 | D:1      | Found a faded altar of an unknown god.
   407 | D:1      | Reached skill level 1 in Unarmed Combat
   660 | D:1      | Reached XP level 2. HP: 14/14 MP: 1/7
  1115 | D:2      | Reached skill level 1 in Fighting
  1203 | D:2      | Noticed Robin
  1413 | D:1      | Reached skill level 2 in Unarmed Combat
  1699 | D:1      | Killed Robin
  1700 | D:1      | Reached XP level 3. HP: 17/18 MP: 8/8
  2437 | D:1      | Gained mutation: Your natural rate of healing is unusually
                  | fast. [Vine Stalker growth]
  2437 | D:1      | Reached XP level 4. HP: 5/22 MP: 1/9
  2650 | D:2      | Reached skill level 3 in Unarmed Combat
  2971 | D:3      | Noticed Natasha
  2982 | D:3      | Killed Natasha
  2983 | D:3      | Reached XP level 5. HP: 26/26 MP: 10/10
  2989 | D:3      | Learned a level 2 spell: Blink
  2992 | D:3      | Learned a level 2 spell: Call Imp
  3012 | D:3      | Noticed Purgy
  3315 | D:3      | Noticed Terence
  3316 | D:3      | Noticed Natasha
  3455 | D:3      | Killed Terence
  3589 | D:3      | Found an ancient bone altar of Kikubaaqudgha.
  3747 | D:3      | Killed Natasha
  3748 | D:3      | Reached skill level 4 in Unarmed Combat
  3845 | D:3      | Found a white marble altar of Elyvilon.
  3930 | D:3      | Noticed Natasha
  3938 | D:3      | Killed Natasha
  4419 | D:2      | Killed Purgy
  4420 | D:2      | Reached XP level 6. HP: 17/32 MP: 11/11
  4789 | D:4      | Reached skill level 5 in Unarmed Combat
  4789 | D:4      | Noticed a black bear
  4842 | D:3      | Killed a black bear
  4893 | D:4      | Reached XP level 7. HP: 33/36 MP: 11/13
  4945 | D:4      | You fall into a shaft and drop 1 floor!
  4945 | D:5      | Entered Level 5 of the Dungeon
  5140 | D:5      | Noticed Edmund
  5172 | D:5      | Noticed Ijyb
  5200 | D:5      | Killed Ijyb
  5210 | D:5      | Noticed Sigmund
  5218 | D:5      | Killed Sigmund
  5219 | D:5      | Reached skill level 6 in Unarmed Combat
  5265 | D:4      | Found a radiant altar of Vehumet.
  5395 | D:4      | Found an ornate altar of the Wu Jian Council.
  5486 | D:4      | Gained mutation: You have razor-sharp teeth. [Vine Stalker
                  | growth]
  5486 | D:4      | Reached XP level 8. HP: 42/42 MP: 13/15
  5636 | D:4      | Found a shadowy altar of Dithmenos.
  5984 | D:5      | Reached skill level 7 in Unarmed Combat
  6124 | D:5      | Killed Edmund
  6269 | D:5      | Learned a level 5 spell: Borgnjor's Vile Clutch
  6305 | D:6      | Found a shimmering blue altar of Sif Muna.
  6377 | D:6      | Found Etaunaq's Distillery.
  6397 | D:6      | Reached skill level 5 in Fighting
  6400 | D:6      | Reached skill level 8 in Unarmed Combat
  6407 | D:6      | Bought a potion of haste for 110 gold pieces
  6407 | D:6      | Bought a potion of haste for 110 gold pieces
  6407 | D:6      | Bought a potion of degeneration for 11 gold pieces
  6453 | D:6      | Found a staircase to the Ecumenical Temple.
  6467 | Temple   | Entered the Ecumenical Temple
  6570 | Temple   | Became a worshipper of Cheibriados the Contemplative
  6645 | D:6      | Reached skill level 9 in Unarmed Combat
  6659 | D:6      | Reached XP level 9. HP: 47/47 MP: 14/16
  7360 | D:7      | Found an opulent altar of Gozag.
  7539 | D:7      | Reached skill level 10 in Unarmed Combat
  7691 | D:7      | Reached * piety under Cheibriados
  7746 | D:7      | Reached skill level 1 in Invocations
  8273 | D:8      | Found Wagyhyre's Book Shoppe.
  8283 | D:7      | Reached skill level 1 in Armour
  8292 | D:7      | HP: 2/47 [poisoned by a killer bee]
  8847 | D:8      | Noticed a tengu warrior
  8848 | D:8      | Noticed a centaur warrior
  8865 | D:8      | Noticed a troll
  8874 | D:8      | Killed a troll
  8874 | D:8      | Reached ** piety under Cheibriados
  8875 | D:8      | Reached XP level 10. HP: 12/53 MP: 4/18
  8912 | D:8      | Reached skill level 5 in Spellcasting
  9606 | D:9      | Found a staircase to the Lair.
  9668 | D:9      | Reached *** piety under Cheibriados
  9708 | D:9      | Found a staircase to the Orcish Mines.
 10398 | D:9      | Reached **** piety under Cheibriados
 10404 | D:9      | Reached XP level 11. HP: 58/58 MP: 21/21
 10626 | D:10     | Entered Level 10 of the Dungeon
 10810 | D:10     | Reached skill level 11 in Unarmed Combat
 10893 | D:10     | Found a basalt altar of Yredelemnul.
 10982 | D:10     | Noticed a two-headed ogre
 10992 | D:10     | Killed a two-headed ogre
 11049 | D:10     | Reached skill level 5 in Invocations
 11888 | D:11     | Noticed a two-headed ogre
 11897 | D:11     | Killed a two-headed ogre
 11911 | D:11     | Found a hide-covered altar of Uskayaw.
 12382 | D:11     | Reached ***** piety under Cheibriados
 12636 | D:12     | Noticed a green ugly thing
 12754 | D:12     | Killed a green ugly thing
 12755 | D:12     | Reached skill level 1 in Necromancy
 12772 | D:12     | Reached skill level 1 in Earth Magic
 12848 | D:12     | Got the Collected Works on the Voyage and the Birds
 12869 | D:12     | Noticed Nergalle
 12876 | D:12     | Killed Nergalle
 12877 | D:12     | Reached skill level 12 in Unarmed Combat
 12942 | D:12     | Noticed a red ugly thing
 12950 | D:12     | Slain by a red ugly thing

Illustrated notes

Levels and vault maps discovered:
D:1:      lemuel_arrival_hallway, layout_rooms, ebering_ecumenical_altar_box
D:2:      layout_loops_cross, uniq_robin
D:3:      layout_basic, mainiacjoe_overflow_brackets,
          nicolae_elyvilon_temple_path, uniq_terence, uniq_purgy, uniq_natasha
D:4:      layout_basic, lemuel_doored_altar, nzn_wu_jian_contemplation,
          nicolae_overflow_hidden_temple
D:5:      layout_loops_ring, guppyfry_early_lair_pool, uniq_edmund, uniq_ijyb,
          uniq_sigmund
D:6:      layout_basic, lemuel_crystal_altar,
          minmay_temple_entry_statues_fountains, serial_shops,
          nicolae_diamond_shop
D:7:      layout_basic, kennysheep_mini, minmay_manual_mail
D:8:      layout_basic, nicolae_stop_n_shop_1, grunt_decor_junction,
          grunt_decor_fettered, corexii_checkpoint_b, grunt_decor_arrowhead,
          nrook_pool_corridor, minmay_misc_feat_rugged, lightli_corner_chamber
D:9:      layout_cave_pods, lair_entry_dummy, orc_david_3, chequers_mini_garden
D:10:     layout_layer_cave, mainiacjoe_overflow_six_doors_small,
          corexii_checkpoint_b, minivault_16
D:11:     layout_long_grid, roderic_batcave, chequers_avenue,
          nicolae_uskayaw_suspiria
D:12:     layout_basic, uniq_nergalle
Temple:   dpeg_chambers_temple

Skill      XL: |  1  2  3  4  5  6  7  8  9 10 11 |
---------------+----------------------------------+-----
Unarmed Combat | 1 2 3 4 5 6 9 10 12 | 12.0
Fighting       | 1 2 3 4 5 6 8 |  8.0
Summonings     | 2 |  2.0
Spellcasting   | 4 6 |  6.4
Invocations    | 2 4 6 |  6.0
Dodging        | 2 4 |  4.0
Armour         | 2 3 4 |  4.0
Necromancy     | 2 |  2.1
Earth Magic    | 2 |  2.0
Stealth        | |  2.4
Conjurations   | |  1.0
Translocations | |  1.0

Action                   |  1- 3 |  4- 6 |  7- 9 | 10-12 || total
-------------------------+-------+-------+-------+-------++-------
Melee: Unarmed           |    90 |   155 |   314 |   287 ||   846
       Bite              |    21 |    46 |   122 |   158 ||   347
       Punch             |     2 |     1 |    17 |    30 ||    50
Throw: Dart              |    26 |    20 |    14 |    16 ||    76
 Cast: Magic Dart        |    40 |     7 |       |       ||    47
       Call Imp          |       |    22 |    13 |    17 ||    52
Evoke: Wand              |       |       |     1 |    11 ||    12
  Use: Potion            |     1 |     1 |       |     1 ||     3
       Scroll            |     3 |     2 |     6 |     9 ||    20
 Stab: Sleeping          |     4 |     2 |    10 |     8 ||    24
       Distracted        |       |       |       |     3 ||     3
Armor: Robe              |    35 |    37 |       |       ||    72
       Troll leather arm |       |    19 |    72 |    99 ||   190
Dodge: Dodged            |    81 |   148 |   152 |   195 ||   576
